 Dungeon Crawl Stone Soup version 0.22.1-1-ga44c0e5 (console) character file.

6510 erker the Transmogrifier (level 11, -9/63 (64) HPs)
             Began as an Octopode Transmuter on Oct 8, 2018.
             Was a Believer of Cheibriados.
             Mangled by a minotaur
             ... wielding an uncursed staff of wizardry
              (18 damage)
             ... in a labyrinth on Oct 9, 2018.
             The game lasted 00:59:01 (9425 turns).

erker the Transmogrifier (Octopode Transmuter)      Turns: 9425, Time: 00:59:02

HP:   -9/63 (64)    AC:  1    Str: 15    XL:     11   Next: 0%
MP:   11/20         EV: 16    Int: 25    God:    Cheibriados [**....]
Gold: 99            SH:  0    Dex: 19    Spells: 8/22 levels left

rFire    . . .     SeeInvis .     - Unarmed
rCold    . . .     Gourm    .   (no shield)
rNeg     . . .     Faith    .   (helmet restricted)
rPois    .         Spirit   .   (no amulet)
rElec    .         Reflect  .   (no ring)
rCorr    .         Harm     .   (no ring)
MR       .....                  (no ring)
Stlth    ++++......             (no ring)
HPRegen  0.20/turn              (no ring)
MPRegen  0.17/turn              (no ring)
                                (no ring)
                                (no ring)

@: confusing touch, very slow
A: almost no armour, stealthy swim, amphibious, 8 rings, constrict 8, camouflage
1, gelatinous body 1
a: Bend Time, Renounce Religion


You were in a labyrinth.
You worshipped Cheibriados.
Cheibriados was pleased with you.
You were not hungry.

You visited 3 branches of the dungeon, and saw 12 of its levels.
You also visited: Labyrinth.

You collected 554 gold pieces.
You spent 455 gold pieces at shops.

Inventory:

Hand Weapons
 i - a +1 hand axe
 x - a +0 dagger of venom
Missiles
 a - 105 arrows
 g - 14 poisoned needles
 y - 43 bolts
Jewellery
 h - an uncursed amulet of rage
Wands
 r - a wand of scattershot (6)
 w - a wand of iceblast (4)
 A - a wand of flame (27)
 E - a wand of acid (10)
Scrolls
 d - 9 scrolls of remove curse
 e - a scroll of immolation
 l - a scroll of enchant weapon
 o - 3 scrolls of teleportation
 q - a scroll of amnesia
 G - a scroll of enchant armour
Potions
 b - a potion of magic {unknown}
 n - 3 potions of curing
 p - 4 potions of haste
 s - 2 potions of flight
 t - 2 potions of ambrosia {unknown}
 v - 2 potions of might {unknown}
 z - a potion of mutation {unknown}
 C - a potion of agility {unknown}
 D - 2 potions of cancellation {unknown}
 F - 2 potions of brilliance {unknown}
 I - a potion of lignification {unknown}
Comestibles
 c - 20 rations


   Skills:
 + Level 2.1 Fighting
 + Level 3.9 Dodging
 + Level 4.8 Stealth
 + Level 7.5 Unarmed Combat
 + Level 6.2 Spellcasting
 - Level 2.1 Hexes
 * Level 2.1 Charms
 * Level 9.0 Transmutations
 - Level 5.0 Ice Magic
 * Level 4.2 Earth Magic
 * Level 3.7 Invocations


You had 8 spell levels left.
You knew the following spells:

 Your Spells              Type           Power        Failure   Level  Hunger
c - Confusing Touch       Hex            ###...       3%          1    None
o - Ozocubu's Armour      Chrm/Ice       ####....     4%          3    None
p - Petrify               Tmut/Erth      #####...     4%          4    ###....
t - Sticks to Snakes      Tmut           ######..     1%          2    None
y - Ice Form              Ice/Tmut       #####...     4%          4    ###....

Your spell library contained the following spells:

 Spells                   Type           Power        Failure   Level  Hunger
 Beastly Appendage        Tmut           ######       1%          1    None
 Freeze                   Ice            ####         1%          1    None
 Spider Form              Tmut/Pois      ####......   3%          3    None
 Throw Frost              Conj/Ice       ###...       4%          2    None
 Blade Hands              Tmut           ######....   4%          5    #####..
 Confuse                  Hex            ###.....     9%          3    None
 Yara's Violent Unravell  Hex/Tmut       #####.....   21%         5    #####..
 Gell's Gravitas          Tloc           #.........   22%         3    None
 Summon Ice Beast         Ice/Summ       ###.....     26%         4    ###....
 Throw Icicle             Conj/Ice       ###.....     26%         4    ###....
 Metabolic Englaciation   Hex/Ice        ####......   43%         5    #####..


Dungeon Overview and Level Annotations

Branches:
Dungeon (9/15)             Temple (1/1) D:4            Lair (2/6) D:8
  Swamp: Lair:2-4    Shoals: Lair:2-4     Snake: Lair:2-4    Spider: Lair:2-4
    Orc: D:9-12

Altars:
Ashenzari
Cheibriados
Dithmenos
Elyvilon
Fedhas
Gozag
Hepliaklqana
Makhleb
Nemelex Xobeh
Okawaru
Sif Muna
Trog
Uskayaw
Vehumet
Wu Jian
Xom
Yredelemnul
Zin

Shops:
D:4 ([%   D:8 :

Annotations:
D:6 1 runed door, ThePrince's ghost, novice OgBe
Lair:2 1 exclusion


Innate Abilities, Weirdness & Mutations

You cannot wear most types of armour.
You are very stealthy in the water. (Stealth+)
You are amphibious.
You can wear up to eight rings at the same time.
You can use your tentacles to constrict eight enemies at once.
Your skin changes colour to match your surroundings (Stealth+).
Your rubbery body absorbs attacks. (AC +1, EV +1)


Message History

Casting: Confusing Touch (safe; 3% risk of failure)
Confirm with . or Enter, or press ? or * to list all spells.
Aiming: Petrify (safe; 4% risk of failure)
Press: ? - help, Shift-Dir - straight line, f - minotaur
Aim: a minotaur, wielding a staff of wizardry, wearing a plate armour and
Okay, then.
Unknown command.
Okay, then.
Unknown command.
Unknown command.
Unknown command.
Unknown command.
Unknown command.
Unknown command.
Unknown command.
As you read the scroll of fear, it crumbles to dust.
You assume a fearsome visage.
The minotaur resists with almost no effort.
The minotaur hits you with a staff of wizardry!!
You die...

###. .#.#..###.#
. ### #....
#....#<#...... .
# ###.#.
#.#.##### . #...#
#..#.#..# # ##
.###..#.#..#.# #.
.#....#(#....#
#.# #.##..S..##.#
#.....#....H#...#
#.# #.###.#@#####
. #. #.#.....#
#.# ## # .#####.#
.. #. # #.# #. #.
# ##


You could see a minotaur (berserk) and a friendly adder.

Vanquished Creatures
  A two-headed ogre (D:8)
  Pikel (D:4)
  A spiny frog (Lair:1)
  6 hippogriffs
  A redback (Lab)
  Eustachio (D:6)
  3 yaks
  A basilisk (Lair:1)
  Menkaure (D:6)
  A porcupine (Lair:1)
  5 water moccasins
  Duvessa (D:6)
  A necrophage (D:7)
  An ice beast (D:5)
  A slave (D:4)
  2 ogres
  A centaur (D:5)
  A crocodile (Lair:1)
  A big kobold (D:8)
  4 bullfrogs
  Dowan (D:6)
  2 wyvern skeletons (D:8)
  3 scorpions
  A howler monkey (D:6)
  2 crimson imps
  A centaur zombie (D:7)
  A jelly (D:8)
  A hound (D:7)
  2 iguanas (D:8)
  3 orc wizards
  3 worker ants
  A killer bee zombie (D:7)
  A hound skeleton (D:6)
  4 gnolls
  A howler monkey skeleton (D:5)
  4 adders
  An ooze (D:2)
  3 adder skeletons
  An adder zombie (D:5)
  A dart slug (D:1)
  2 leopard geckos
  11 orcs
  3 ball pythons
  9 giant cockroaches
  11 goblins
  6 hobgoblins
  3 kobolds
  6 quokkas
  3 bats (D:1)
  3 frilled lizards
  14 rats
143 creatures vanquished.

Vanquished Creatures (collateral kills)
  A black mamba (Lair:1)
  Sigmund (D:6)
  A yak (D:5)
  A redback (Lab)
  A basilisk (Lair:2)
  A porcupine (Lair:1)
  A phantom (D:7)
  A centaur (D:5)
  A bullfrog (Lair:1)
  Crazy Yiuf (D:3)
  An orc priest (D:5)
  A gnoll (D:4)
  An adder (D:2)
  A hobgoblin (D:3)
14 creatures vanquished.

Vanquished Creatures (others)
  A slave (D:4)
  A centaur skeleton (D:4)
  A gnoll (D:4)
  A dart slug (D:4)
  A quokka (D:4)
  A frilled lizard (D:4)
6 creatures vanquished.

Grand Total: 163 creatures vanquished

Notes
Turn   | Place    | Note
-------+----------+-------------------------------------------
     0 | D:1      | erker the Octopode Transmuter began the quest for the Orb.
     0 | D:1      | Reached XP level 1. HP: 13/13 MP: 3/3
    48 | D:1      | Reached XP level 2. HP: 15/18 MP: 3/5
    52 | D:1      | Learned a level 2 spell: Sticks to Snakes
   288 | D:1      | Reached XP level 3. HP: 8/23 MP: 6/6
   356 | D:1      | Reached skill level 3 in Transmutations
  1383 | D:2      | Reached XP level 4. HP: 20/28 MP: 4/8
  1389 | D:2      | Learned a level 4 spell: Ice Form
  1548 | D:3      | Reached skill level 1 in Ice Magic
  2060 | D:3      | Found a runed door.
  2263 | D:3      | Noticed Crazy Yiuf
  2359 | D:3      | Killed Crazy Yiuf
  2359 | D:3      | Reached XP level 5. HP: 18/33 MP: 0/9
  2601 | D:4      | Found a staircase to the Ecumenical Temple.
  2609 | Temple   | Entered the Ecumenical Temple
  2700 | Temple   | Became a worshipper of Cheibriados the Contemplative
  2757 | D:4      | Noticed Pikel
  2757 | D:4      | Noticed a slave
  2757 | D:4      | Noticed a slave
  2757 | D:4      | Noticed a slave
  2757 | D:4      | Noticed a slave
  2762 | D:4      | Was placed under penance by Cheibriados
  2763 | D:4      | Killed a slave
  2768 | D:4      | Killed Pikel
  2768 | D:4      | Reached skill level 5 in Transmutations
  2768 | D:4      | Reached XP level 6. HP: 38/38 MP: 10/10
  2768 | D:4      | Reached XP level 7. HP: 43/43 MP: 11/11
  2792 | D:4      | Was forgiven by Cheibriados
  2863 | D:4      | Found Xotunu's Armour Emporium.
  3022 | D:4      | Found Jiny's Weapon Emporium.
  3163 | D:4      | Learned a level 1 spell: Confusing Touch
  3289 | D:4      | Found Quloulur's Food Boutique.
  3448 | D:5      | Entered Level 5 of the Dungeon
  3692 | D:5      | Reached skill level 6 in Transmutations
  4025 | D:5      | Reached skill level 1 in Stealth
  4025 | D:5      | Reached XP level 8. HP: 48/48 MP: 9/12
  4040 | D:5      | Noticed a yak
  4043 | D:5      | Noticed a yak
  4045 | D:5      | Noticed a yak
  4047 | D:5      | Noticed a yak
  4049 | D:5      | Killed a yak
  4049 | D:5      | Reached skill level 1 in Hexes
  4060 | D:4      | Killed a yak
  4123 | D:5      | Killed a yak
  4134 | D:5      | Killed a yak
  4453 | D:5      | Reached skill level 7 in Transmutations
  4813 | D:5      | Learned a level 4 spell: Petrify
  4963 | D:6      | Reached skill level 5 in Unarmed Combat
  4963 | D:6      | Reached XP level 9. HP: 53/53 MP: 9/15
  5114 | D:6      | Reached * piety under Cheibriados
  5120 | D:6      | Reached skill level 1 in Earth Magic
  5178 | D:6      | Noticed Dowan
  5178 | D:6      | Noticed Duvessa
  5192 | D:6      | Killed Duvessa
  5200 | D:6      | Killed Dowan
  5256 | D:6      | Noticed Menkaure
  5268 | D:6      | Killed Menkaure
  5411 | D:6      | Noticed Eustachio
  5421 | D:6      | Killed Eustachio
  5517 | D:6      | Found a runed door.
  5517 | D:6      | Noticed ThePrince's ghost (novice OgBe)
  5590 | D:6      | Noticed Sigmund
  5604 | D:6      | Killed Sigmund
  5715 | D:6      | Found a basalt altar of Yredelemnul.
  5991 | D:7      | Found a sparkling altar of Nemelex Xobeh.
  5991 | D:7      | Found a shadowy altar of Dithmenos.
  6000 | D:7      | Reached skill level 8 in Transmutations
  6150 | D:7      | Found a hazy altar of Hepliaklqana.
  6160 | D:7      | Reached skill level 5 in Spellcasting
  6587 | D:7      | Reached skill level 1 in Invocations
  6596 | D:7      | Reached XP level 10. HP: 43/59 MP: 11/18
  6758 | D:8      | Noticed a two-headed ogre
  6958 | D:8      | Reached ** piety under Cheibriados
  7011 | D:8      | Found Madaysyda's Book Emporium.
  7052 | D:8      | Found a staircase to the Lair.
  7420 | D:8      | Killed a two-headed ogre
  7538 | D:8      | Bought a book of Frost for 455 gold pieces
  7542 | D:8      | Learned a level 3 spell: Ozocubu's Armour
  7579 | Lair:1   | Entered Level 1 of the Lair of Beasts
  7596 | Lair:1   | Noticed a spiny frog
  7602 | Lair:1   | Killed a spiny frog
  7659 | Lair:1   | Noticed a black mamba
  7666 | Lair:1   | Killed a black mamba
  7700 | Lair:1   | Reached skill level 1 in Charms
  7843 | Lair:1   | Reached skill level 5 in Ice Magic
  8914 | Lair:2   | Found a labyrinth entrance.
  8937 | Lab      | Entered a labyrinth
  9057 | Lab      | Reached skill level 9 in Transmutations
  9057 | Lab      | Reached XP level 11. HP: 31/63 MP: 11/20
  9417 | Lab      | Noticed a minotaur
  9425 | Lab      | Mangled by a minotaur

Skill      XL: |  1  2  3  4  5  6  7  8  9 10 |
---------------+-------------------------------+-----
Transmutations | 3 5 6 7 8 9 |  9.0
Ice Magic      | 2 4 5 |  5.0
Spellcasting   | 3 4 5 6 |  6.2
Stealth        | 1 3 4 |  4.8
Hexes          | 2 |  2.1
Unarmed Combat | 5 6 7 |  7.5
Dodging        | 3 |  3.9
Earth Magic    | 3 4 |  4.2
Invocations    | 1 3 |  3.7
Fighting       | 2 |  2.1
Charms         | 2 |  2.1

Action                   |  1- 3 |  4- 6 |  7- 9 | 10-12 || total
-------------------------+-------+-------+-------+-------++-------
Melee: Unarmed           |    95 |    25 |   226 |   129 ||   475
       Constrict         |    27 |     5 |     5 |     1 ||    38
       Kick              |    11 |     4 |     2 |       ||    17
       Tentacles         |    14 |     5 |     4 |       ||    23
       Punch             |     1 |     1 |     1 |       ||     3
 Cast: Beastly Appendage |    17 |     3 |     2 |       ||    22
       Sticks to Snakes  |     1 |    10 |    28 |    14 ||    53
       Ice Form          |       |       |    29 |    18 ||    47
       Petrify           |       |       |     2 |     3 ||     5
       Confusing Touch   |       |       |     1 |     5 ||     6
       Ozocubu's Armour  |       |       |       |     9 ||     9
 Abil: Evoke Berserk Rag |       |     2 |       |       ||     2
  Use: Scroll            |       |       |     6 |    12 ||    18
       Potion            |       |       |     1 |       ||     1
 Stab: Sleeping          |     2 |     2 |     2 |     3 ||     9
       Petrified         |       |       |     5 |    13 ||    18
       Distracted        |       |       |     1 |       ||     1
       Confused          |       |       |     1 |       ||     1
  Eat: Chunk             |     2 |     3 |    13 |     6 ||    24
       Ration            |       |     1 |     1 |     1 ||     3
Armor: Skin              |     4 |       |    73 |    39 ||   116
Dodge: Dodged            |    69 |    13 |   116 |    68 ||   266
